 Dungeon Crawl Stone Soup version 0.32-a0-7-ge934b4519a (webtiles) character file.

Game seed: 14334769349711271322

152 Laraso the Slasher (level 5, 0/45 HPs)
             Began as a Draconian Monk on Jan 13, 2024.
             Was a Priest of Trog.
             Killed from afar by Ijyb (13 damage)
             ... with a bolt of light
             ... on level 3 of the Dungeon.
             The game lasted 00:01:23 (1455 turns).

Laraso the Slasher (Draconian Monk)                 Turns: 1455, Time: 00:01:23

Health: 0/45       AC:  5    Str: 13    XL:     5   Next: 11%
Magic:  5/5        EV: 12    Int: 11    God:    Trog [***...]
Gold:   52         SH:  0    Dex: 15    Spells: 4/4 levels left

rFire   . . .        a - +0 falchion
rCold   . . .        c - orb {light}
rNeg    . . .        (body armour unavailable)
rPois   .            (helmet restricted)
rElec   .            (no cloak)
rCorr   .            (no gloves)
SInv    .            (no boots)
Will    .....        f - amulet of regeneration
Stlth   +            (no ring)
HPRegen 1.07/turn    (no ring)
MPRegen 0.09/turn

%: no passive effects
@: glowing
A: AC +5, unfitting armour, cold-blooded
a: Renounce Religion, Berserk, Trog's Hand


You were on level 3 of the Dungeon.
You worshipped Trog.
Trog was most pleased with you.
You visited 1 branch of the dungeon, and saw 3 of its levels.

You collected 52 gold pieces.

Inventory:

Hand Weapons
 a - a +0 falchion (weapon)
Missiles
 e - 6 poisoned darts (quivered)
 n - a throwing net
Armour
 c - an orb of light (worn)
Jewellery
 f - an amulet of regeneration (around neck)
Wands
 k - a wand of flame (14)
Scrolls
 d - a scroll of butterflies {unknown}
 h - a scroll of identify
Potions
 b - 2 potions of ambrosia
 g - a potion of lignification {unknown}
 i - 2 potions of degeneration {unknown}
 j - 3 potions of heal wounds
 l - a potion of curing {unknown}
 m - 2 potions of enlightenment


   Skills:
 - Level 3.2 Fighting
 * Level 5.9 Long Blades
 - Level 2.6 Dodging


You had 4 spell levels left.
You didn't know any spells.
Your spell library contained the following spells:

 Spells                   Type           Power      Damage    Failure   Level
 Lesser Beckoning         Tloc           0%         N/A       47%         2
 Gell's Gravitas          Tloc           0%         N/A       71%         3
 Teleport Other           Tloc           0%         N/A       71%         3


Dungeon Overview and Level Annotations

Branches:
Dungeon (3/15)

Altars:
Trog

Annotations:
D:3 Ijyb


Innate Abilities, Weirdness & Mutations

Your plain brown scales are hard. (AC +5)
You cannot fit into any form of body armour.
You are cold-blooded and may be slowed by cold attacks.


Message History

Ijyb the Twisted Goblin comes into view.
She is wielding a +6 club and carrying a wand of light.
Found a robe.
Ijyb is nearby!
Ijyb is nearby!
Ijyb is nearby!
Ijyb is nearby!
You feel yourself speed up.
Ijyb zaps a wand.
The bolt of light misses you.
Ijyb zaps a wand.
The bolt of light misses you.
You hit Ijyb.
Ijyb is lightly wounded.
Ijyb zaps a wand.
The bolt of light hits you!
You are confused.
You bump into the rock wall.
Ijyb hits you with a +6 club.
You bump into the rock wall.
Ijyb hits you with a +6 club.
You bump into the rock wall.
You feel less confused. Ijyb hits you with a +6 club.
You hit Ijyb. You tail-slap Ijyb.
Ijyb is moderately wounded.
Ijyb barely misses you.
Okay, then.
You hit Ijyb. You tail-slap Ijyb, but do no damage.
Ijyb is heavily wounded.
Ijyb zaps a wand.
The bolt of light hits you.
You are confused.
You bump into the rock wall.
Ijyb closely misses you.
You hit Ijyb.
Ijyb is severely wounded.
Ijyb barely misses you.
You hit Ijyb but do no damage.
Ijyb is severely wounded.
You recover from your berserk rage.
You feel less confused.
Ijyb screams, "No!
No, no, no, no!"
Ijyb zaps a wand.
The bolt of light hits you!
* * * LOW HITPOINT WARNING * * *
You barely miss Ijyb.
Ijyb is severely wounded.
Ijyb zaps a wand.
The bolt of light hits you!
You die...

# ..# . # #.# ..# #.# ...
... ... #.# ... #.# ...
#g# ##. #. #@# #.
#..####.# ## #..[....#
#.####..# #.......###
####### #.####....######
#....<.
###.#####.#......###......
..........######[.........
##...†....# #....##.#####


You could see Ijyb.

Vanquished Creatures
  A bombardier beetle (D:2)
  4 gnolls (D:3)
  3 adders
  A ribbon worm (D:2)
  4 endoplasms
  3 giant cockroaches
  6 goblins
  6 hobgoblins
  7 jackals
  2 kobolds (D:2)
  3 quokkas
  2 ball pythons
  3 bats (D:2)
  A frilled lizard (D:2)
  2 rats
48 creatures vanquished.

Notes
Turn   | Place    | Note
-------+----------+-------------------------------------------
     0 | D:1      | Laraso the Draconian Monk began the quest for the Orb.
     0 | D:1      | Reached XP level 1. HP: 19/19 MP: 1/1
   359 | D:1      | Reached XP level 2. HP: 26/26 MP: 2/2
   589 | D:2      | Reached skill level 4 in Long Blades
   603 | D:2      | Reached XP level 3. HP: 29/31 MP: 3/3
   887 | D:2      | Reached skill level 5 in Long Blades
   887 | D:2      | Reached XP level 4. HP: 26/38 MP: 4/4
  1009 | D:2      | Found a faded altar of an unknown god.
  1023 | D:2      | Prayed at the altar of an unknown god.
  1023 | D:2      | Became a worshipper of Trog the Wrathful
  1023 | D:2      | Reached * piety under Trog
  1023 | D:2      | Reached ** piety under Trog
  1384 | D:3      | Reached *** piety under Trog
  1419 | D:3      | Reached XP level 5. HP: 45/45 MP: 5/5
  1442 | D:3      | Noticed Ijyb
  1455 | D:3      | Killed from afar by Ijyb

Illustrated notes

Levels and vault maps discovered:
D:1:      heliophobic_arrival_henge, layout_basic
D:2:      layout_loops_ring, shapermc_ecumenical_altar_flowoftime,
          minmay_pentomino_t2
D:3:      layout_basic, uniq_sigmund, uniq_ijyb

Skill      XL: |  1  2  3 |
---------------+----------+-----
Long Blades    | 4 5 |  5.9
Fighting       | |  3.2
Dodging        | |  2.6

Action                     |  1- 3 |  4- 6 || total
---------------------------+-------+-------++-------
  Melee: Falchion          |    73 |    52 ||   125
         Tailslap          |     6 |     4 ||    10
 Invoke: Berserk           |       |     1 ||     1
    Use: Scroll            |       |     3 ||     3
 Armour: Skin              |    35 |    35 ||    70
  Dodge: Dodged            |    40 |    38 ||    78

Table legend: (Time is in decaauts)
 A = Elapsed time spent in this place.
 B = Non-inter-level travel time spent in this place.
 C = Inter-level travel time spent in this place.
 D = Time resting spent in this place.
 E = Time spent auto-exploring this place.
 F = Levels seen in this place.
 G = Mean time per level.
                   A        B        C        D        E       F      G
               +--------+--------+--------+--------+--------+-----+--------+
         Total |   1470 |   1449 |     21 |      0 |   1158 |   3 |  490.0 |
       Dungeon |   1470 |   1449 |     21 |      0 |   1158 |   3 |  490.0 |
               +--------+--------+--------+--------+--------+-----+--------+

Top non-repeatable levels by time:
     D:2: 711 daAuts
     D:1: 575 daAuts
     D:3: 183 daAuts
